[Event "69th RUS-ch Women Higher League 2019"]
[Site "Yaroslavl"]
[Date "2019.07.06"]
[Round "9.6"]
[White "Bykova, Anastasia"]
[Black "Borisova, Ekaterina"]
[Result "1-0"]
[ECO "E04"]
[WhiteElo "2229"]
[BlackElo "2267"]
[Annotator "NA"]
[PlyCount "115"]
[EventDate "2019.06.27"]
[EventType "swiss"]
[EventCountry "RUS"]
[SourceTitle "playchess.com"]
[Source "ChessBase"]
[SourceQuality "1"]
[TimeControl "40/5400+30:1800+30"]

1. d4 d5 2. c4 e6 3. g3 Nf6 4. Nf3 dxc4 5. Bg2 Bd7 6. Ne5 Bc6 7. Nxc6 Nxc6 8. Bxc6+ bxc6 9. Qa4 Qd5 10. O-O Qb5 11. Qc2 Bb4 12. a3 Ba5 13. Bd2 Bxd2 14. Nxd2 c5 15. dxc5 c3 16. Qxc3 Qxe2 17. Qf3 Qxf3 18. Nxf3 Ne4 19. b4 Ke7 20. Rfe1 Nc3 21. Rac1 Nd5 22. Rcd1 Rhd8 23. Ne5 Ke8 24. Nc6 Rd7 25. f4 Ne7 26. Rxd7 Kxd7 27. Ne5+ Ke8 28. Rd1 f6 29. Nc4 Rd8 30. Rxd8+ Kxd8 31. Kf2 Kd7 32. b5 Nd5 33. Ke2 h6 34. Kd3 g5 35. fxg5 hxg5 36. h4 gxh4 37. gxh4 e5 38. Ne3 Ne7 39. a4 f5 40. a5 e4+ 41. Kd4 f4 42. Nc2 Nf5+ 43. Kxe4 Nxh4 44. a6 Kc8 45. Kxf4 c6 46. Nd4 cxb5 47. Nxb5 Kb8 48. Ke5 Nf3+ 49. Kd6 Nd2 50. Kd5 Nb3 51. c6 Na5 52. Nxa7 Nxc6 53. Nxc6+ Ka8 54. Nb4 Kb8 55. Kc6 Ka7 56. Kb5 Ka8 57. Kb6 Kb8 58. Nd5 1-0

[Event "69th RUS-ch Women Higher League 2019"]
[Site "Yaroslavl"]
[Date "2019.07.06"]
[Round "9.7"]
[White "Voit, Daria"]
[Black "Bulatova, Kamaliya"]
[Result "1-0"]
[ECO "A20"]
[WhiteElo "2339"]
[BlackElo "2102"]
[Annotator "NA"]
[PlyCount "87"]
[EventDate "2019.06.27"]
[EventType "swiss"]
[EventCountry "RUS"]
[SourceTitle "playchess.com"]
[Source "ChessBase"]
[SourceQuality "1"]
[TimeControl "40/5400+30:1800+30"]

1. c4 e5 2. g3 Nf6 3. Bg2 Bc5 4. Nc3 c6 5. e3 d5 6. cxd5 Nxd5 7. d4 exd4 8. exd4 Bb4 9. Nge2 Be6 10. O-O O-O 11. Qd3 Na6 12. a3 Be7 13. Re1 Nb6 14. Nf4 Bf6 15. Nxe6 fxe6 16. Be3 Nd5 17. Rad1 Qb6 18. Ne4 Nxe3 19. fxe3 Be7 20. b4 Qd8 21. b5 cxb5 22. Qxb5 Rb8 23. Qe5 Bxa3 24. Qxe6+ Kh8 25. Rf1 Nc7 26. Qb3 Be7 27. Rxf8+ Bxf8 28. d5 Bd6 29. Nxd6 Qxd6 30. e4 b5 31. Qe3 Re8 32. Qxa7 b4 33. Rc1 Nb5 34. Qa4 Rb8 35. Qxb5 h6 36. Qc5 Qf6 37. Qf2 Qd6 38. Qb2 b3 39. e5 Qb6+ 40. Kh1 Ra8 41. e6 Qe3 42. e7 Kh7 43. Qb1+ g6 44. Re1 1-0

[Event "69th RUS-ch Women Higher League 2019"]
[Site "Yaroslavl"]
[Date "2019.07.06"]
[Round "9.8"]
[White "Goltseva, Ekaterina"]
[Black "Bivol, Alina"]
[Result "1/2-1/2"]
[ECO "A50"]
[WhiteElo "2304"]
[BlackElo "2391"]
[Annotator "NA"]
[PlyCount "181"]
[EventDate "2019.06.27"]
[EventType "swiss"]
[EventCountry "RUS"]
[SourceTitle "playchess.com"]
[Source "ChessBase"]
[SourceQuality "1"]
[TimeControl "40/5400+30:1800+30"]

1. d4 Nf6 2. c4 b6 3. Nc3 Bb7 4. d5 e6 5. a3 Bd6 6. Nf3 O-O 7. Bg5 h6 8. Bh4 Re8 9. e3 a5 10. Bd3 Be7 11. Bg3 Na6 12. Bc2 Nc5 13. O-O Nh5 14. Be5 exd5 15. Nxd5 Bxd5 16. Qxd5 c6 17. Qd1 Bf6 18. Bd4 Bxd4 19. Nxd4 Nf6 20. Qf3 Qc7 21. Rfd1 Qe5 22. Rab1 g6 23. Qh3 h5 24. Nf3 Qe7 25. Qh4 Rad8 26. Qg5 Nce4 27. Bxe4 Nxe4 28. Qxe7 Rxe7 29. Rd4 a4 30. Rbd1 Nc5 31. Ne1 Kf8 32. Nd3 Nb3 33. Rf4 Ra8 34. h4 Ra5 35. g3 Kg7 36. Nc1 Nc5 37. Rfd4 Ra7 38. Kg2 Kf8 39. Ne2 Ke8 40. Nc3 Kd8 41. e4 Kc7 42. f4 Ra8 43. Kf3 Rae8 44. e5 Rf8 45. Rd6 Kc8 46. R1d2 Re6 47. Ne4 Rxd6 48. Rxd6 Ne6 49. Nf6 Rd8 50. f5 Ng7 51. fxg6 fxg6 52. g4 hxg4+ 53. Kxg4 Nf5 54. Rd3 Ng7 55. Rd2 Ne6 56. Rd6 Nc5 57. Kg5 Rh8 58. Rd1 Ne6+ 59. Kxg6 Rxh4 60. Nxd7 Kc7 61. Nf6 Nc5 62. Kf7 Rf4 63. Ke7 Rxc4 64. Nd7 Ne4 65. e6 Rc2 66. Rd4 Ng5 67. Rxa4 Re2 68. Ra7+ Kc8 69. Nf8 Rxb2 70. Kd6 Nxe6 71. Nxe6 Kb8 72. Rg7 Rb3 73. a4 Rb4 74. Kxc6 Rxa4 75. Nc7 Rc4+ 76. Kxb6 Kc8 77. Ne6 Rc1 78. Nc5 Kd8 79. Kc6 Ke8 80. Kd6 Rd1+ 81. Ke5 Re1+ 82. Ne4 Kf8 83. Rb7 Ke8 84. Kd5 Rd1+ 85. Ke6 Kd8 86. Rh7 Re1 87. Ke5 Ke8 88. Kf5 Kd8 89. Nf6 Kc8 90. Nd5 Kd8 91. Rh6 1/2-1/2

[Event "69th RUS-ch Women Higher League 2019"]
[Site "Yaroslavl"]
[Date "2019.07.06"]
[Round "9.9"]
[White "Dimitrova, Aleksandra"]
[Black "Ambartsumova, Karina"]
[Result "1/2-1/2"]
[ECO "B32"]
[WhiteElo "2273"]
[BlackElo "2359"]
[Annotator "NA"]
[PlyCount "80"]
[EventDate "2019.06.27"]
[EventType "swiss"]
[EventCountry "RUS"]
[SourceTitle "playchess.com"]
[Source "ChessBase"]
[SourceQuality "1"]
[TimeControl "40/5400+30:1800+30"]

1. e4 c5 2. Nf3 Nc6 3. d4 cxd4 4. Nxd4 Qb6 5. Nb3 Nf6 6. Nc3 e6 7. Qe2 Qc7 8. g4 d6 9. g5 Nd7 10. Be3 a6 11. a4 b6 12. Bg2 Be7 13. f4 h6 14. h4 hxg5 15. hxg5 Rxh1+ 16. Bxh1 g6 17. Qh2 Bb7 18. Qh7 Nb4 19. O-O-O Rc8 20. Kb1 b5 21. axb5 axb5 22. Qh8+ Nf8 23. Qd4 d5 24. exd5 Nxd5 25. Bxd5 Bxd5 26. Qb6 Qxb6 27. Bxb6 Bxb3 28. cxb3 Nd7 29. Ba7 b4 30. Ne4 Rc6 31. Rc1 Rxc1+ 32. Kxc1 Kd8 33. Kc2 Kc7 34. Kd3 Kc6 35. Kc4 e5 36. Be3 f5 37. gxf6 Nxf6 38. Nxf6 Bxf6 39. fxe5 Bxe5 40. Kxb4 Kd5 1/2-1/2

[Event "69th RUS-ch Women Higher League 2019"]
[Site "Yaroslavl"]
[Date "2019.07.06"]
[Round "9.10"]
[White "Solozhenkina, Elizaveta"]
[Black "Lysenko, Margarita"]
[Result "0-1"]
[ECO "B54"]
[WhiteElo "2324"]
[BlackElo "2224"]
[Annotator "NA"]
[PlyCount "152"]
[EventDate "2019.06.27"]
[EventType "swiss"]
[EventCountry "RUS"]
[SourceTitle "playchess.com"]
[Source "ChessBase"]
[SourceQuality "1"]
[TimeControl "40/5400+30:1800+30"]

1. e4 c5 2. Nf3 d6 3. d4 cxd4 4. Nxd4 Nf6 5. f3 e5 6. Nb3 Be7 7. c4 O-O 8. Nc3 Be6 9. Be3 Nc6 10. Be2 Nh5 11. g3 Nf6 12. O-O Nd7 13. Qd2 Nc5 14. Nd5 Bxd5 15. Nxc5 dxc5 16. exd5 Nd4 17. f4 exf4 18. Bxf4 Nxe2+ 19. Qxe2 Bf6 20. Rae1 Qd7 21. Qf2 b6 22. Be5 Bxe5 23. Rxe5 Rae8 24. Rfe1 g6 25. Qe3 Rxe5 26. Qxe5 Qa4 27. Qc3 Qxa2 28. b3 Qa6 29. Qf6 Qa2 30. Qc3 Qa6 31. h4 b5 32. h5 gxh5 33. Re5 Qg6 34. d6 f6 35. Re7 b4 36. Qf3 Rd8 37. Rxa7 h4 38. g4 h5 39. Qd5+ Kh8 40. Qxh5+ Qxh5 41. gxh5 Rxd6 42. Rc7 Rd3 43. Rxc5 Rxb3 44. Rb5 Kg7 45. c5 Kh6 46. c6 Rc3 47. Rxb4 Kxh5 48. Kg2 Rxc6 49. Rb5+ Kg4 50. Rb4+ Kg5 51. Kh3 Rc3+ 52. Kg2 f5 53. Ra4 Re3 54. Ra8 Rc3 55. Ra4 Rg3+ 56. Kh2 f4 57. Ra5+ Kg4 58. Ra8 Rd3 59. Rh8 Rd2+ 60. Kg1 Kg3 61. Rg8+ Kf3 62. Rf8 Rg2+ 63. Kh1 Rd2 64. Kg1 Rd1+ 65. Kh2 Rd4 66. Kg1 h3 67. Rf7 Rd2 68. Rf8 Rd1+ 69. Kh2 Ke3 70. Re8+ Kf2 71. Kxh3 f3 72. Rf8 Rd7 73. Kg4 Kg2 74. Rg8 f2 75. Kf4+ Kf1 76. Kf3 Rf7+ 0-1

[Event "69th RUS-ch Women Higher League 2019"]
[Site "Yaroslavl"]
[Date "2019.07.06"]
[Round "9.11"]
[White "Nosacheva, Mariya"]
[Black "Chernyak, Viktoria"]
[Result "0-1"]
[ECO "B36"]
[WhiteElo "2150"]
[BlackElo "2253"]
[Annotator "NA"]
[PlyCount "126"]
[EventDate "2019.06.27"]
[EventType "swiss"]
[EventCountry "RUS"]
[SourceTitle "playchess.com"]
[Source "ChessBase"]
[SourceQuality "1"]
[TimeControl "40/5400+30:1800+30"]

1. e4 c5 2. Nf3 Nc6 3. d4 cxd4 4. Nxd4 g6 5. c4 Nf6 6. Nc3 Nxd4 7. Qxd4 d6 8. Be2 Bg7 9. Be3 O-O 10. Qd2 a5 11. Rb1 a4 12. f3 Be6 13. O-O Nd7 14. Rfc1 Nc5 15. b4 axb3 16. axb3 Ra3 17. Bd1 Bd7 18. b4 Ne6 19. Nd5 Bc6 20. Kh1 Re8 21. Bb3 Qb8 22. Nb6 Rd8 23. Rd1 Kf8 24. b5 Be8 25. Na4 Rc8 26. Qb4 Rxa4 27. Bxa4 b6 28. Bc2 h5 29. f4 Qb7 30. Rbc1 Kg8 31. Bb1 Ra8 32. Rd5 Nc7 33. Rdd1 Bd7 34. f5 Kh7 35. Qd2 Ne8 36. Qf2 Nf6 37. Bxb6 Ra3 38. Bd4 Ng4 39. fxg6+ fxg6 40. Qb2 Bxd4 41. Rxd4 Re3 42. h3 Ne5 43. Rd5 Bxh3 44. gxh3 Qc8 45. Qg2 Rxh3+ 46. Kg1 h4 47. Kf1 Rg3 48. Qh1 Qg4 49. Rc2 Qf4+ 50. Ke1 Qe3+ 51. Kf1 Nf3 52. Rd1 Rg1+ 53. Qxg1 Qxg1+ 54. Ke2 Nd4+ 55. Kd2 Qf2+ 56. Kc3 Nxc2 57. Bxc2 h3 58. e5 h2 59. exd6 exd6 60. Rxd6 h1=Q 61. Bxg6+ Kg7 62. Ra6 Qc1+ 63. Kb4 Qf8+ 0-1

[Event "69th RUS-ch Women Higher League 2019"]
[Site "Yaroslavl"]
[Date "2019.07.06"]
[Round "9.12"]
[White "Ovod, Evgenija"]
[Black "Khokhlova, Daria"]
[Result "1-0"]
[ECO "B20"]
[WhiteElo "2361"]
[BlackElo "2234"]
[Annotator "NA"]
[PlyCount "67"]
[EventDate "2019.06.27"]
[EventType "swiss"]
[EventCountry "RUS"]
[SourceTitle "playchess.com"]
[Source "ChessBase"]
[SourceQuality "1"]
[TimeControl "40/5400+30:1800+30"]

1. e4 c5 2. Ne2 d6 3. g3 g6 4. Bg2 Bg7 5. c3 Nf6 6. d4 O-O 7. O-O e5 8. d5 Ne8 9. c4 Na6 10. Nec3 Nac7 11. Be3 Bd7 12. a4 a6 13. a5 Rb8 14. Na4 Bxa4 15. Rxa4 b5 16. axb6 Rxb6 17. b4 Rxb4 18. Rxb4 cxb4 19. Qa4 f5 20. Qxb4 f4 21. Bb6 h5 22. Nd2 g5 23. Rc1 Qe7 24. c5 Nb5 25. cxd6 Nexd6 26. Rc6 Rc8 27. Rxc8+ Nxc8 28. Qxe7 Nxe7 29. Nc4 Kf7 30. gxf4 exf4 31. e5 Ng6 32. e6+ Ke7 33. Be4 Kf6 34. d6 1-0

[Event "69th RUS-ch Women Higher League 2019"]
[Site "Yaroslavl"]
[Date "2019.07.06"]
[Round "9.13"]
[White "Dordzhieva, Dinara"]
[Black "Diakonova, Ekaterina"]
[Result "1-0"]
[ECO "D70"]
[WhiteElo "2306"]
[BlackElo "2196"]
[Annotator "NA"]
[PlyCount "88"]
[EventDate "2019.06.27"]
[EventType "swiss"]
[EventCountry "RUS"]
[SourceTitle "playchess.com"]
[Source "ChessBase"]
[SourceQuality "1"]
[TimeControl "40/5400+30:1800+30"]

1. d4 Nf6 2. c4 g6 3. Nf3 Bg7 4. g3 O-O 5. Bg2 c5 6. O-O cxd4 7. Nxd4 d5 8. cxd5 Nxd5 9. Nc3 Nxc3 10. bxc3 Qa5 11. Qb3 Nc6 12. Be3 Ne5 13. h3 Bd7 14. Qxb7 Rac8 15. Nb3 Qb5 16. Qxb5 Bxb5 17. Rfe1 Rxc3 18. Bxa7 Rfc8 19. Nd4 Ba4 20. Rab1 Nc6 21. Nxc6 Bxc6 22. Rec1 Bxg2 23. Rxc3 Bxc3 24. Kxg2 Bf6 25. Rb8 Rxb8 26. Bxb8 Bc3 27. Kf3 Kf8 28. Ke4 Ke8 29. Kd5 Kd7 30. Ba7 Kc7 31. Kc4 Be1 32. Kb5 h5 33. Be3 e5 34. Kc5 Kd7 35. Kd5 f6 36. Bb6 Bc3 37. a4 f5 38. a5 f4 39. g4 hxg4 40. hxg4 g5 41. a6 Kc8 42. Ke4 Kb8 43. Kf5 Bd4 44. Bxd4 exd4 1-0

[Event "69th RUS-ch Women Higher League 2019"]
[Site "Yaroslavl"]
[Date "2019.07.06"]
[Round "9.14"]
[White "Maletina, Tatiana"]
[Black "Mukhina, Jana"]
[Result "1-0"]
[ECO "E84"]
[WhiteElo "2273"]
[BlackElo "2090"]
[Annotator "NA"]
[PlyCount "63"]
[EventDate "2019.06.27"]
[EventType "swiss"]
[EventCountry "RUS"]
[SourceTitle "playchess.com"]
[Source "ChessBase"]
[SourceQuality "1"]
[TimeControl "40/5400+30:1800+30"]

1. d4 Nf6 2. c4 g6 3. f3 Bg7 4. e4 d6 5. Nc3 O-O 6. Be3 Nc6 7. Nge2 a6 8. Qd2 Rb8 9. Rc1 Bd7 10. Nd1 b5 11. c5 Re8 12. Nf2 dxc5 13. Rxc5 e5 14. d5 Nd4 15. Nxd4 exd4 16. Bg5 Bf8 17. Nd3 Nxe4 18. fxe4 Rxe4+ 19. Kf2 f6 20. Bf4 Rb7 21. Rc1 g5 22. Bg3 f5 23. Be5 Be8 24. Be2 Be7 25. Bf3 Qxd5 26. Rhe1 c5 27. g4 Qf7 28. gxf5 Rxe1 29. Kxe1 Rb6 30. Nxc5 h5 31. Qxd4 Bc6 32. Nd7 1-0

[Event "69th RUS-ch Women Higher League 2019"]
[Site "Yaroslavl"]
[Date "2019.07.06"]
[Round "9.15"]
[White "Protopopova, Anastasiya"]
[Black "Kabanova, Ekaterina"]
[Result "1-0"]
[ECO "E06"]
[WhiteElo "2272"]
[BlackElo "2099"]
[Annotator "NA"]
[PlyCount "175"]
[EventDate "2019.06.27"]
[EventType "swiss"]
[EventCountry "RUS"]
[SourceTitle "playchess.com"]
[Source "ChessBase"]
[SourceQuality "1"]
[TimeControl "40/5400+30:1800+30"]

1. d4 Nf6 2. c4 e6 3. g3 d5 4. Bg2 Be7 5. Nf3 O-O 6. O-O dxc4 7. Qc2 b5 8. a4 b4 9. Nbd2 Bb7 10. Nxc4 c5 11. Rd1 Be4 12. Qb3 Na6 13. Be3 Nd5 14. Rac1 Qc7 15. Ncd2 Nxe3 16. Qxe3 Bd5 17. Qd3 Qb7 18. e4 Bc6 19. b3 Rfd8 20. Qc4 Rac8 21. Bf1 Nb8 22. dxc5 Nd7 23. Qe2 Nxc5 24. Rc4 Nd3 25. Nb1 Nc5 26. Rxd8+ Rxd8 27. Nbd2 a5 28. Nd4 Be8 29. e5 h6 30. Bg2 Qa6 31. Qe3 Bg5 32. f4 Be7 33. h4 Qb6 34. Kh2 Na6 35. Ne4 Nc5 36. Nd2 Bd7 37. Rc1 Bf8 38. Nc4 Qa6 39. Bf1 Qa7 40. Nb5 Bxb5 41. axb5 Qb8 42. Nxa5 Qa7 43. Nc6 Qa2+ 44. Kh1 Rd5 45. Nxb4 Qa3 46. Nxd5 exd5 47. Bg2 d4 48. Qg1 Qxb3 49. Qxd4 Qxg3 50. Rxc5 Qxh4+ 51. Kg1 Qe1+ 52. Kh2 Qh4+ 53. Bh3 Bxc5 54. Qxc5 Qxf4+ 55. Kg2 Qe4+ 56. Kg1 Qe1+ 57. Kh2 Qe2+ 58. Bg2 Qh5+ 59. Kg1 Qd1+ 60. Bf1 Qg4+ 61. Kf2 Qf4+ 62. Ke2 Qg4+ 63. Ke1 Qg3+ 64. Kd1 Qb3+ 65. Kc1 Qf3 66. Bc4 Qc3+ 67. Kb1 Qe1+ 68. Kc2 Qe4+ 69. Bd3 Qa4+ 70. Kb2 g6 71. b6 Qd7 72. Be4 Qd2+ 73. Ka3 Qe1 74. b7 Qxe4 75. b8=Q+ Kh7 76. Qcc8 Qe3+ 77. Ka4 Qd4+ 78. Ka5 Qa1+ 79. Kb6 Qb2+ 80. Kc6 Qc3+ 81. Kd7 Qd4+ 82. Qd6 Qa4+ 83. Kd8 Qa5+ 84. Qdc7 Qd5+ 85. Ke8 Kg7 86. Q8d7 Qa8+ 87. Qcd8 Qa2 88. Qf6+ 1-0

[Event "69th RUS-ch Women Higher League 2019"]
[Site "Yaroslavl"]
[Date "2019.07.06"]
[Round "9.16"]
[White "Afonasieva, Anna"]
[Black "Guseva, Marina"]
[Result "0-1"]
[ECO "D15"]
[WhiteElo "2303"]
[BlackElo "2379"]
[Annotator "NA"]
[PlyCount "118"]
[EventDate "2019.06.27"]
[EventType "swiss"]
[EventCountry "RUS"]
[SourceTitle "playchess.com"]
[Source "ChessBase"]
[SourceQuality "1"]
[TimeControl "40/5400+30:1800+30"]

1. d4 d5 2. Nf3 Nf6 3. c4 c6 4. Nc3 a6 5. c5 Nbd7 6. Bf4 Nh5 7. Bd2 Nhf6 8. e3 g6 9. Bd3 Bg7 10. O-O O-O 11. h3 Qc7 12. Na4 e5 13. dxe5 Nxe5 14. Bc3 Nxd3 15. Qxd3 Bf5 16. Qe2 Rae8 17. b4 Be4 18. Qb2 Bxf3 19. Bxf6 Bxf6 20. Qxf6 Be4 21. Nc3 Re6 22. Qd4 g5 23. a4 Rfe8 24. Ne2 Bg6 25. Qd2 Re4 26. Ra3 Qe7 27. Rc1 Rc4 28. Rxc4 dxc4 29. Nd4 a5 30. Rc3 Bd3 31. Qb2 axb4 32. Qxb4 Rd8 33. a5 Rd5 34. a6 bxa6 35. Qa5 Rxc5 36. Qxa6 Qc7 37. Ra3 Kg7 38. Qa8 Qd6 39. Ra7 c3 40. Qe8 Bg6 41. Rd7 Qe5 42. Nf5+ Qxf5 43. Rd8 g4 44. hxg4 Qb1+ 45. Kh2 Rd5 46. Qh8+ Kh6 47. Qf8+ Kg5 48. Qe7+ Kxg4 49. Rxd5 cxd5 50. Qf6 Kh5 51. f3 Qb8+ 52. Kh3 Kh6 53. g4 c2 54. Qd4 c1=Q 55. g5+ Kxg5 56. Qh4+ Kf5 57. e4+ Ke6 58. Qg4+ Ke7 59. Qh4+ Ke8 0-1

[Event "69th RUS-ch Women Higher League 2019"]
[Site "Yaroslavl"]
[Date "2019.07.06"]
[Round "9.17"]
[White "Filippova, Darya"]
[Black "Belenkaya, Dina"]
[Result "0-1"]
[ECO "A20"]
[WhiteElo "2174"]
[BlackElo "2321"]
[Annotator "NA"]
[PlyCount "102"]
[EventDate "2019.06.27"]
[EventType "swiss"]
[EventCountry "RUS"]
[SourceTitle "playchess.com"]
[Source "ChessBase"]
[SourceQuality "1"]
[TimeControl "40/5400+30:1800+30"]

1. c4 e5 2. g3 c6 3. d4 e4 4. Bg2 d5 5. Nc3 Bb4 6. Nh3 Ne7 7. O-O O-O 8. f3 exf3 9. Rxf3 dxc4 10. Rf4 Ng6 11. Rf1 Bg4 12. Nf2 Be6 13. e4 Na6 14. Be3 Qa5 15. Rc1 Nc7 16. Nh3 f6 17. Qe2 Rad8 18. a3 Bxc3 19. Rxc3 Nb5 20. Rxc4 Bxc4 21. Qxc4+ Kh8 22. Nf4 Nxf4 23. gxf4 Nd6 24. Qc2 Rfe8 25. e5 Nb5 26. Qf5 Rf8 27. e6 Qc7 28. Qc5 Rfe8 29. f5 Qd6 30. Qxd6 Nxd6 31. d5 cxd5 32. Bxa7 Ne4 33. Rd1 g6 34. Bb6 Rd6 35. Bxe4 Rxb6 36. Rxd5 Rxb2 37. Rd7 gxf5 38. Bxf5 Rb5 39. Rxh7+ Kg8 40. Rh5 Re5 41. Kg2 Re7 42. Kf3 Rc7 43. h4 b6 44. Kg4 Rg7+ 45. Kf4 Ra7 46. Kg4 Ra4+ 47. Kf3 Rxa3+ 48. Kg4 Ra4+ 49. Kf3 Ra7 50. Kg4 b5 51. Kf4 Rc7 0-1

[Event "69th RUS-ch Women Higher League 2019"]
[Site "Yaroslavl"]
[Date "2019.07.06"]
[Round "9.18"]
[White "Markelova, Lubov"]
[Black "Chkhan, Viktoria"]
[Result "1-0"]
[ECO "A34"]
[WhiteElo "2186"]
[BlackElo "2141"]
[Annotator "NA"]
[PlyCount "121"]
[EventDate "2019.06.27"]
[EventType "swiss"]
[EventCountry "RUS"]
[SourceTitle "playchess.com"]
[Source "ChessBase"]
[SourceQuality "1"]
[TimeControl "40/5400+30:1800+30"]

1. Nf3 c5 2. c4 Nf6 3. Nc3 d5 4. cxd5 Nxd5 5. e3 Nc6 6. Bb5 e6 7. Ne5 Bd7 8. Nxc6 Bxc6 9. Bxc6+ bxc6 10. O-O Be7 11. Qa4 Qd7 12. Qc4 Nb4 13. b3 O-O 14. Ne2 Qd3 15. Qxd3 Nxd3 16. Ba3 a5 17. Nc3 Rfd8 18. Rfd1 Ra7 19. Kf1 f5 20. f4 Bf6 21. Rab1 Kf7 22. Na4 Rd5 23. Ke2 h6 24. g3 Be7 25. Bb2 Nb4 26. Nb6 Rd8 27. Nc4 Bf6 28. Be5 Ke7 29. a3 Nd5 30. Rdc1 a4 31. bxa4 Rxa4 32. Rb7+ Rd7 33. Bd6+ Ke8 34. Rxd7 Kxd7 35. Bxc5 Be7 36. Bxe7 Kxe7 37. d3 Nc7 38. Rb1 Nb5 39. Rb3 Ra7 40. Kd2 Kf6 41. Kc2 g5 42. Kb2 gxf4 43. gxf4 Ke7 44. Rb4 Rc7 45. a4 Na7 46. Ne5 Kd6 47. Kb3 Nc8 48. Rb8 Kc5 49. Nc4 Ne7 50. a5 h5 51. a6 Ra7 52. Rb7 Nc8 53. d4+ Kd5 54. Rxa7 Nxa7 55. Kb4 Nc8 56. h4 Na7 57. Nd2 Nc8 58. Nf1 Ke4 59. Kc5 Kf3 60. Kxc6 Kf2 61. Kd7 1-0

[Event "69th RUS-ch Women Higher League 2019"]
[Site "Yaroslavl"]
[Date "2019.07.06"]
[Round "9.19"]
[White "Maltsevskaya, Aleksandra"]
[Black "Faizutdinova, Diana"]
[Result "1-0"]
[ECO "B01"]
[WhiteElo "2316"]
[BlackElo "2061"]
[Annotator "NA"]
[PlyCount "67"]
[EventDate "2019.06.27"]
[EventType "swiss"]
[EventCountry "RUS"]
[SourceTitle "playchess.com"]
[Source "ChessBase"]
[SourceQuality "1"]
[TimeControl "40/5400+30:1800+30"]

1. e4 d5 2. exd5 Qxd5 3. Nf3 Bg4 4. Be2 Nf6 5. d4 Nc6 6. h3 Bxf3 7. Bxf3 Qe6+ 8. Be3 Nd5 9. Qe2 Nxe3 10. fxe3 Nd8 11. Nc3 c6 12. O-O-O g6 13. d5 Qc8 14. Bg4 f5 15. Bf3 Bg7 16. dxc6 Nxc6 17. Qc4 Ne5 18. Qb5+ Nc6 19. Nd5 e6 20. Nf4 Kf7 21. g4 Rd8 22. Rxd8 Nxd8 23. gxf5 gxf5 24. Rd1 Nc6 25. Rd6 Qc7 26. Rxe6 Ne5 27. Bh5+ Kg8 28. Re8+ Rxe8 29. Qxe8+ Bf8 30. Qxf8+ Kxf8 31. Ne6+ Ke7 32. Nxc7 Nc4 33. Nd5+ Ke6 34. Bf3 {[%emt 0:00:06] Kxd5} 1-0

[Event "69th RUS-ch Women Higher League 2019"]
[Site "Yaroslavl"]
[Date "2019.07.06"]
[Round "9.20"]
[White "Tokmakova, Ulyana"]
[Black "Komiagina, Maria"]
[Result "0-1"]
[ECO "B20"]
[WhiteElo "1878"]
[BlackElo "2254"]
[Annotator "NA"]
[PlyCount "74"]
[EventDate "2019.06.27"]
[EventType "swiss"]
[EventCountry "RUS"]
[SourceTitle "playchess.com"]
[Source "ChessBase"]
[SourceQuality "1"]
[TimeControl "40/5400+30:1800+30"]

1. e4 c5 2. b3 b6 3. Bb2 Bb7 4. Nc3 Nc6 5. f4 e6 6. Nf3 a6 7. Be2 Qc7 8. O-O Qxf4 9. Nd5 exd5 10. Ne5 Qh4 11. Nxf7 d4 12. Qe1 Qe7 13. Bc4 Nf6 14. Nxh8 Ne5 15. Nf7 Nxc4 16. bxc4 Qxf7 17. e5 O-O-O 18. exf6 Qg6 19. Qg3 Qxc2 20. fxg7 Bxg7 21. Qxg7 Qxb2 22. Rab1 Qxd2 23. Rxb6 Qe3+ 24. Kh1 Kc7 25. Rfb1 Be4 26. R6b3 Qf4 27. Re1 Re8 28. Rg1 h5 29. Qg3 Qxg3 30. Rxg3 Re5 31. h3 Bc6 32. Kh2 Re2 33. Rg5 d3 34. Rxc5 d2 35. Rd1 Rxg2+ 36. Kh1 Re2+ 37. Kg1 Re1+ 0-1

[Event "69th RUS-ch Women Higher League 2019"]
[Site "Yaroslavl"]
[Date "2019.07.06"]
[Round "9.21"]
[White "Loskutova, Viktoriya"]
[Black "Utiatskaja, Irina"]
[Result "1/2-1/2"]
[ECO "C07"]
[WhiteElo "2019"]
[BlackElo "2192"]
[Annotator "NA"]
[PlyCount "81"]
[EventDate "2019.06.27"]
[EventType "swiss"]
[EventCountry "RUS"]
[SourceTitle "playchess.com"]
[Source "ChessBase"]
[SourceQuality "1"]
[TimeControl "40/5400+30:1800+30"]

1. e4 e6 2. d4 d5 3. Nd2 c5 4. exd5 Qxd5 5. Ngf3 cxd4 6. Bc4 Qd8 7. O-O Nc6 8. Nb3 a6 9. Nbxd4 Nxd4 10. Nxd4 Qc7 11. Qe2 Bd6 12. h3 Ne7 13. c3 O-O 14. a4 Ng6 15. Bb3 b6 16. Bc2 Bb7 17. Be4 Rad8 18. Bxb7 Qxb7 19. Rd1 Nf4 20. Bxf4 Bxf4 21. g3 Bg5 22. Qf3 Qxf3 23. Nxf3 Bf6 24. Kf1 g6 25. Nd2 b5 26. Ne4 Be7 27. axb5 axb5 28. Rxd8 Rxd8 29. Ra7 Kf8 30. Ke2 b4 31. cxb4 Rd4 32. Nc5 Rxb4 33. Nd3 Rb3 34. Ra8+ Kg7 35. Kd2 Rb6 36. Ra4 e5 37. Nxe5 Rxb2+ 38. Ke1 Rb1+ 39. Ke2 Bc5 40. Nd3 Bd6 41. Rd4 1/2-1/2

[Event "69th RUS-ch Women Higher League 2019"]
[Site "Yaroslavl"]
[Date "2019.07.06"]
[Round "9.22"]
[White "Shaydullina, Sandugach"]
[Black "Matveeva, Olga"]
[Result "1/2-1/2"]
[ECO "E63"]
[WhiteElo "2128"]
[BlackElo "2189"]
[Annotator "NA"]
[PlyCount "139"]
[EventDate "2019.06.27"]
[EventType "swiss"]
[EventCountry "RUS"]
[SourceTitle "playchess.com"]
[Source "ChessBase"]
[SourceQuality "1"]
[TimeControl "40/5400+30:1800+30"]

1. d4 Nf6 2. c4 d6 3. Nf3 g6 4. g3 Bg7 5. Bg2 O-O 6. O-O Nc6 7. Nc3 a6 8. Bf4 Rb8 9. Rc1 Bd7 10. Nd5 Nh5 11. Bg5 h6 12. Be3 e6 13. g4 exd5 14. gxh5 dxc4 15. hxg6 fxg6 16. d5 Ne7 17. Rxc4 Nf5 18. Bc1 Rc8 19. Qb3 c5 20. e4 b5 21. Rc2 Nh4 22. Nxh4 Qxh4 23. f4 Bd4+ 24. Kh1 Rce8 25. Qd3 Bg7 26. b3 Kh7 27. Bd2 Rf7 28. Be1 Qd8 29. Bd2 Ref8 30. Rcc1 Qb6 31. Qg3 Re7 32. Be3 Qa5 33. e5 Qxa2 34. exd6 Ree8 35. Bxc5 Re2 36. Bf3 Rd2 37. b4 Bf5 38. Rce1 Bf6 39. d7 Rf7 40. Be7 Rxd5 41. Bxf6 Rdxd7 42. Ba1 Rf8 43. Qh4 Rdf7 44. Be5 Bd3 45. Bd6 Bxf1 46. Bxf8 Rxf8 47. Rxf1 Qc4 48. Qe1 Rxf4 49. Qd1 Qxb4 50. Qd7+ Kh8 51. Qc6 Qc4 52. Qe8+ Kh7 53. Re1 Rf7 54. Kg2 Qf4 55. Re3 b4 56. h4 h5 57. Rd3 a5 58. Qb5 Qf5 59. Qxf5 Rxf5 60. Bc6 Rc5 61. Rd7+ Kg8 62. Ba4 g5 63. hxg5 Rxg5+ 64. Kh3 Kf8 65. Kh4 Rc5 66. Rb7 Re5 67. Ra7 Rf5 68. Kg3 Rc5 69. Kh4 Re5 70. Rb7 1/2-1/2

[Event "69th RUS-ch Women Higher League 2019"]
[Site "Yaroslavl"]
[Date "2019.07.06"]
[Round "9.23"]
[White "Yakushina, Ekaterina"]
[Black "Mokshanova, Elizaveta"]
[Result "0-1"]
[ECO "E73"]
[WhiteElo "1783"]
[BlackElo "2020"]
[Annotator "NA"]
[PlyCount "66"]
[EventDate "2019.06.27"]
[EventType "swiss"]
[EventCountry "RUS"]
[SourceTitle "playchess.com"]
[Source "ChessBase"]
[SourceQuality "1"]
[TimeControl "40/5400+30:1800+30"]

1. d4 Nf6 2. c4 g6 3. Nc3 Bg7 4. e4 d6 5. Be2 O-O 6. Be3 e5 7. d5 a5 8. g4 Na6 9. g5 Ne8 10. h4 Nc5 11. h5 a4 12. Qd2 Bd7 13. f3 f5 14. exf5 Bxf5 15. Nh3 a3 16. b4 Na4 17. Nb5 c6 18. Nxa3 e4 19. Bd4 Nb6 20. Bxg7 Nxg7 21. h6 Nh5 22. Qc3 exf3 23. Qxf3 Qe7 24. Qc3 Bg4 25. Ng1 Nf4 26. Qg7+ Qxg7 27. hxg7 Rfe8 28. O-O-O Nxe2+ 29. Nxe2 Rxa3 30. dxc6 bxc6 31. Rxd6 Bxe2 32. Re1 Nxc4 33. Rxc6 Rc3+ {[%emt 0:00:03] Rd1} 0-1